 Dungeon Crawl Stone Soup version 0.30-a0-4-ga7cffc901d (webtiles) character file.

Game seed: 10803410208083537202

505 frimble the Changer (level 6, 0/47 HPs)
             Began as a Demonspawn Earth Elementalist on Aug 20, 2022.
             Killed by divine providence
             ... invoked by an orc priest
              (9 damage)
             ... on level 4 of the Dungeon.
             The game lasted 00:06:01 (6069 turns).

frimble the Changer (Demonspawn Earth Elementalist) Turns: 6069, Time: 00:06:02

Health: 0/47       AC: 10    Str: 14    XL:     6   Next: 96%
Magic:  0/9        EV: 12    Int: 16    God:
Gold:   213        SH:  0    Dex: 16    Spells: 8/9 levels left

rFire   + . .      SeeInvis .    e - +1 trident
rCold   . . .      Faith    .    (no shield)
rNeg    . . .      Spirit   +    j - +2 robe {Will+}
rPois   .          Reflect  .    o - +1 hat
rElec   .          Harm     .    (no cloak)
rCorr   .          Rampage  .    (no gloves)
Will    +....                    (no boots)
Stlth   ++........               k - amulet of guardian spirit
HPRegen 0.15/turn                n - +6 ring of strength
MPRegen 0.22/turn                l - +4 ring of protection

@: no status effects
A: rugged brown scales 1, magic regeneration, fire resistance 1
a: no special abilities


You were on level 4 of the Dungeon.
You visited 1 branch of the dungeon, and saw 4 of its levels.

You collected 213 gold pieces.

Inventory:

Hand Weapons
 e - a +1 trident (weapon)
 s - a +0 rapier
Missiles
 h - 3 javelins
 v - a throwing net
Armour
 j - a +2 robe of willpower (worn)
 o - a +1 hat (worn)
Jewellery
 k - an amulet of guardian spirit (around neck)
 l - a +4 ring of protection (right hand)
 n - a +6 ring of strength (left hand)
Wands
 f - a wand of light (4)
 g - a wand of charming (9)
Scrolls
 c - 2 scrolls of identify
 d - 2 scrolls of amnesia
Potions
 b - 2 potions of magic
 i - a potion of might
 m - a potion of attraction
 p - 2 potions of cancellation
 q - a potion of flight


   Skills:
 + Level 2.4 Fighting
 - Level 1.7 Dodging
 - Level 1.7 Stealth
 - Level 2.0 Spellcasting
 - Level 5.0 Transmutations
 + Level 4.5 Earth Magic


You had 8 spell levels left.
You knew the following spells:

 Your Spells              Type           Power      Damage    Failure   Level
a - Sandblast             Erth           32%        2d9       3%          1

Your spell library contained the following spells:

 Spells                   Type           Power      Damage    Failure   Level
 Passwall                 Tmut/Erth      13%        N/A       4%          2
 Wereblood                Tmut           17%        N/A       4%          2
 Freeze                   Ice            4%         1d3       21%         1
 Stone Arrow              Conj/Erth      16%        3d8       24%         3
 Petrify                  Tmut/Erth      16%        N/A       28%         4
 Sublimation of Blood     Necr           1%         N/A       30%         2
 Frozen Ramparts          Ice            2%         1d1       52%         3
 Hailstorm                Conj/Ice       1%         3d3       90%         4
 Summon Hydra             Summ           0%         N/A       100%        7


Dungeon Overview and Level Annotations

Branches:
Dungeon (4/15)
 Temple: D:4-7

Altars:
Hepliaklqana
Okawaru

Shops:
D:2 ?

Annotations:
D:4 1 runed translucent door


Innate Abilities, Weirdness & Mutations

You are partially covered in rugged brown scales. (AC +1, +3% HP)
You regenerate magic rapidly.
Your flesh is heat resistant. (rF+)


Message History

Press: ? - help, Q - select action, (/) - cycle Shift-Dir - straight line, f - orc priest
Aim: an orc priest, wielding a +0 short sword and wearing a +0 chain mail (87% to hit)
The blast of sand hits the orc priest but does no damage.
Aiming: Sandblast (safe; 3% risk of failure)
Press: ? - help, Q - select action, (/) - cycle Shift-Dir - straight line, f/p - orc priest
Aim: an orc priest, wielding a +0 short sword and wearing a +0 chain mail (87% to hit)
The blast of sand hits the orc priest but does no damage.
The orc priest closely misses you.
You barely miss the orc priest.
The orc priest hits you but does no damage. x2
You hit the orc priest.
The orc priest is lightly wounded.
The orc priest hits you but does no damage.
You hit the orc priest but do no damage.
The orc priest is lightly wounded.
The orc priest hits you but does no damage.
Aiming: Sandblast (safe; 3% risk of failure)
Press: ? - help, Q - select action, (/) - cycle Shift-Dir - straight line, f/p - orc priest
Aim: an orc priest, wielding a +0 short sword and wearing a +0 chain mail (lightly wounded, 87% to hit)
The blast of sand hits the orc priest but does no damage.
The orc priest is lightly wounded.
The orc priest hits you with a +0 short sword.
The orc priest mumbles some strange prayers to Beogh against you.
Beogh smites you!
Aiming: Sandblast (safe; 3% risk of failure)
Press: ? - help, Q - select action, (/) - cycle Shift-Dir - straight line, f/p - orc priest
Aim: an orc priest, wielding a +0 short sword and wearing a +0 chain mail (lightly wounded, 87% to hit)
The blast of sand hits the orc priest but does no damage.
The orc priest is lightly wounded.
The orc priest invokes the aid of Beogh against you.
Beogh smites you!
* * * LOW HITPOINT WARNING * * *
Aiming: Sandblast (safe; 3% risk of failure)
Press: ? - help, Q - select action, (/) - cycle Shift-Dir - straight line, f/p - orc priest
Aim: an orc priest, wielding a +0 short sword and wearing a +0 chain mail (lightly wounded, 87% to hit)
The blast of sand hits the orc priest but does no damage.
The orc priest is lightly wounded.
The orc priest invokes the aid of Beogh against you.
Beogh smites you!
You die...

#.# #.# #.#........#### #.#
#.# #.#.......## ##.## #.#
#..§......# ....#####.#
###§≈.....# ..........#
#.≈......## ##..#####.##
#.........####. .#..#
#...###.............. .#..#
#.....<..o........... .#..#
#...#####@.≈§........ ....#
##.## #....≈........ .##.#
#.# #..#..........
.##.#####.# #..........≈..
g.........# #.####....≈§≈.
.##.......# #.# #########
.########.## #.#
...........####.#############
.#######.#...##.............#


You could see an orc priest.

Vanquished Creatures
  A sky beast (D:4)
  A phantom (D:4)
  An orc priest (D:4)
  A gnoll bouda (D:4)
  An iguana (D:3)
  Jessica (D:2)
  2 orc wizards (D:3)
  5 gnolls (D:4)
  4 adders
  A worm (D:3)
  2 dart slugs
  11 orcs
  3 ball pythons
  6 endoplasms
  2 giant cockroaches
  3 goblins (D:1)
  5 hobgoblins
  4 jackals (D:2)
  2 quokkas
  10 bats
  3 frilled lizards
  7 kobolds
  8 rats
84 creatures vanquished.

Vanquished Creatures (others)
  7 plants (D:3)
7 creatures vanquished.

Grand Total: 91 creatures vanquished

Notes
Turn   | Place    | Note
-------+----------+-------------------------------------------
     0 | D:1      | frimble the Demonspawn Earth Elementalist began the quest
                  | for the Orb.
     0 | D:1      | Reached XP level 1. HP: 13/13 MP: 3/3
    76 | D:1      | Reached skill level 1 in Transmutations
   445 | D:1      | Gained mutation: You are partially covered in rugged brown
                  | scales. (AC +1, +3% HP) [demonic ancestry]
   445 | D:1      | Reached XP level 2. HP: 9/19 MP: 3/5
   452 | D:1      | Reached skill level 2 in Transmutations
  1550 | D:2      | Noticed Jessica
  1559 | D:2      | Killed Jessica
  1560 | D:2      | Reached skill level 3 in Transmutations
  1560 | D:2      | Gained mutation: You regenerate magic rapidly. [demonic
                  | ancestry]
  1560 | D:2      | Reached XP level 3. HP: 6/24 MP: 1/6
  2097 | D:2      | Found a faded altar of an unknown god.
  2241 | D:2      | Found Anarr's Magic Scroll Emporium.
  3036 | D:3      | Reached XP level 4. HP: 12/30 MP: 4/7
  3305 | D:3      | Reached skill level 4 in Transmutations
  3658 | D:3      | Reached XP level 5. HP: 36/36 MP: 8/8
  3793 | D:3      | Found a hazy altar of Hepliaklqana.
  4200 | D:3      | Found a faded altar of an unknown god.
  4203 | D:3      | Found an iron altar of Okawaru.
  4369 | D:3      | Gained mutation: Your flesh is heat resistant. (rF+)
                  | [potion of mutation]
  4385 | D:3      | Reached skill level 5 in Transmutations
  4940 | D:4      | Found a runed translucent door.
  4943 | D:4      | Noticed a phantom
  4960 | D:4      | Killed a phantom
  4961 | D:4      | Reached XP level 6. HP: 32/42 MP: 3/9
  5466 | D:4      | Reached skill level 1 in Fighting
  5770 | D:4      | Noticed a sky beast
  5787 | D:4      | Killed a sky beast
  6069 | D:4      | Killed from afar by an orc priest

Illustrated notes

Levels and vault maps discovered:
D:1:      kennysheep_arrival_forest, layout_loops_corners
D:2:      layout_basic, serial_shops, nicolae_shop_statue_plus,
          hellmonk_ecumenical_altar_arch_garden, uniq_jessica
D:3:      minmay_bubble_buster, layout_loops_ring, zin_statuary,
          nicolae_overflow_ecumenical_swirl, nicolae_hepliaklqana_hazy_memory,
          serial_aquarium, aquarium_bridge_long_joined
          [aquarium_subvault_bridge, aquarium_subvault_balcony,
          aquarium_subvault_wall, aquarium_subvault_window,
          aquarium_subvault_balcony, aquarium_subvault_bridge],
          aquarium_window_fake, aquarium_window_3, aquarium_window_double,
          aquarium_view_2c, aquarium_view_2d, aquarium_pool_1
D:4:      layout_loops_ring, ebering_ghost_sewer_d, supply_closet_lemuel,
          kennysheep_flooded_box, kennysheep_decorative_pillar,
          hangedman_decor_lopped

Skill      XL: |  1  2  3  4  5  6 |
---------------+-------------------+-----
Transmutations | 1 3 4 5 |  5.0
Earth Magic    | 3 4 |  4.5
Fighting       | 2 |  2.4
Dodging        | |  1.7
Stealth        | |  1.7
Spellcasting   | |  2.0

Action                   |  1- 3 |  4- 6 || total
-------------------------+-------+-------++-------
Melee: Unarmed           |    19 |       ||    19
       Trident           |    96 |   157 ||   253
       Punch             |     1 |     1 ||     2
 Cast: Sandblast         |    14 |    58 ||    72
Evoke: Wand              |       |     2 ||     2
  Use: Scroll            |     3 |     9 ||    12
       Potion            |       |     5 ||     5
 Stab: Sleeping          |     6 |     5 ||    11
       Invisible         |       |     2 ||     2
Armor: Robe              |    31 |    94 ||   125
Dodge: Dodged            |    84 |   129 ||   213

Table legend: (Time is in decaauts)
 A = Elapsed time spent in this place.
 B = Non-inter-level travel time spent in this place.
 C = Inter-level travel time spent in this place.
 D = Time resting spent in this place.
 E = Time spent auto-exploring this place.
 F = Levels seen in this place.
 G = Mean time per level.
                   A        B        C        D        E       F      G
               +--------+--------+--------+--------+--------+-----+--------+
         Total |   6178 |   5973 |    205 |    116 |   5015 |   4 | 1544.5 |
       Dungeon |   6178 |   5973 |    205 |    116 |   5015 |   4 | 1544.5 |
               +--------+--------+--------+--------+--------+-----+--------+

Top non-repeatable levels by time:
     D:3: 2183 daAuts
     D:1: 1526 daAuts
     D:2: 1271 daAuts
     D:4: 1196 daAuts
